 Dungeon Crawl Stone Soup version 0.31-a0-1098-g6898e6545c (webtiles) character file.

Game seed: 5090989738364152155

48 Flugkiller the Cudgeller (level 4, -3/60 HPs)
             Began as a Meteoran Reaver on Nov 30, 2023.
             Slain by a gnoll
             ... wielding a +0 spear
              (5 damage)
             ... on level 2 of the Dungeon.
             The game lasted 00:02:13 (395 turns).

Flugkiller the Cudgeller (Meteoran Reaver)           Turns: 395, Time: 00:02:14

Health: -3/60      AC: 22    Str: 15    XL:     4   Next: 18%
Magic:  9/9        EV:  2    Int: 14    God:
Gold:   48         SH:  0    Dex: 13    Spells: 7/8 levels left

rFire   . . .        h - +0 lajatang (drain)
rCold   . . .        (shield currently unavailable)
rNeg    . . .        c - melded +0 ring mail
rPois   +            (helmet currently unavailable)
rElec   .            g - melded +0 cloak
rCorr   .            (gloves currently unavailable)
SInv    .            (boots currently unavailable)
Will    .....        (no amulet)
Stlth   +            v - +5 ring of evasion
HPRegen 0.30/turn    (no ring)
MPRegen 0.11/turn

%: no passive effects
@: tree-form (expiring), glowing
A: stationary, stasis, torment immunity, boosted hp, sense surroundings 1,
otherworldly, glowing, explore regen
a: no special abilities


You were on level 2 of the Dungeon.
You were a tree.
You visited 1 branch of the dungeon, and saw 2 of its levels.

You collected 48 gold pieces.

Inventory:

Hand Weapons
 a - a +0 mace
 h - a +0 lajatang of draining (weapon)
   (You found it on level 2 of the Dungeon)
Armour
 b - a +0 leather armour
 c - a +0 ring mail (melded)
   (You found it on level 1 of the Dungeon)
 g - a +0 cloak (melded)
   (You found it on level 2 of the Dungeon)
Jewellery
 e - a ring of ice
   (You found it on level 2 of the Dungeon)
 v - a +5 ring of evasion (left branch)
   (You found it on level 2 of the Dungeon)


   Skills:
 - Level 4.0 Fighting
 - Level 4.0 Maces & Flails
 - Level 2.1 Dodging
 + Level 2.9 Spellcasting
 - Level 4.0 Conjurations


You had 7 spell levels left.
You knew the following spells:

 Your Spells              Type           Power      Damage    Failure   Level
a - Kiss of Death         Conj/Necr      28%        2d7       10%         1

Your spell library contained the following spells:

 Spells                   Type           Power      Damage    Failure   Level
 Momentum Strike          Conj/Tloc      14%        3d8       14%         2
 Hailstorm                Conj/Ice       7%         3d4       28%         3


Dungeon Overview and Level Annotations

Branches:
Dungeon (2/15) Zot: 778

Altars:


Innate Abilities, Weirdness & Mutations

You are a tree.
Your roots penetrate the ground, keeping you stationary.
You cannot be teleported.
You are immune to unholy pain and torment.
Your maximum health is greatly increased.
Your equipment is partially melded.
You passively map a small area around you.
You are easily found by Zot.
You glow in the dark.
You regain HP and MP as you explore.


Message History

A gnoll comes into view. It is wielding a +0 spear.
You slash the gnoll!
The gnoll is severely wounded.
The gnoll misses you.
You slash the gnoll!
You kill the gnoll!
The gnoll hits you from afar with a +0 spear!
The gnoll misses you.
Training target 4.0 for Conjurations reached!
Your Conjurations skill increases to level 4!
You need to enable at least one skill for training.
You have reached level 4!
You aren't carrying any items that you can evoke.
Unknown command.
Okay, then.
It was a potion of lignification.
You turn into a tree.
Your +0 cloak melds into your body.
Your +0 ring mail melds into your body.
Your roots penetrate the ground.
The gnoll hits you but does no damage.
Unknown command.
You aren't carrying any items that you can evoke.
Unknown command.
You aren't carrying any potions.
Okay, then.
Unknown command.
You swing at nothing.
The gnoll hits you from afar with a +0 spear.
You swing at nothing.
The gnoll hits you but does no damage.
You swing at nothing.
The gnoll barely misses you. The gnoll hits you but does no damage.
You swing at nothing.
The gnoll hits you from afar with a +0 spear.
You swing at nothing.
The gnoll hits you but does no damage.
You swing at nothing.
The gnoll hits you but does no damage.
You swing at nothing.
The gnoll hits you from afar with a +0 spear.
The gnoll barely misses you.
You swing at nothing.
The gnoll hits you from afar with a +0 spear.
You swing at nothing.
The gnoll hits you but does no damage.
Unknown command.
As you read the scroll labelled ANTIWI EGOVIAG, it crumbles to dust.
It is a scroll of brand weapon.
Your +0 lajatang craves living souls!
h - a +0 lajatang of draining (weapon)
The gnoll hits you but does no damage.
Unknown command.
You swing at nothing.
The gnoll hits you but does no damage. x2
You swing at nothing.
The gnoll hits you but does no damage.
You swing at nothing.
The gnoll hits you from afar with a +0 spear.
You swing at nothing.
The gnoll hits you but does no damage.
You swing at nothing.
The gnoll hits you but does no damage. x2
You swing at nothing.
The gnoll barely misses you.
You swing at nothing.
The gnoll hits you but does no damage.
You swing at nothing.
The gnoll hits you from afar with a +0 spear.
The gnoll hits you but does no damage.
You swing at nothing.
The gnoll hits you but does no damage.
You swing at nothing.
The gnoll hits you but does no damage.
You swing at nothing.
The gnoll hits you but does no damage.
You swing at nothing.
The gnoll hits you but does no damage. x2
You swing at nothing.
The gnoll hits you from afar with a +0 spear.
* * * LOW HITPOINT WARNING * * *
You swing at nothing.
The gnoll hits you but does no damage.
You swing at nothing.
The gnoll hits you but does no damage.
The gnoll hits you from afar with a +0 spear.
* * * LOW HITPOINT WARNING * * *
You swing at nothing.
The gnoll hits you from afar with a +0 spear.
* * * LOW HITPOINT WARNING * * *
You swing at nothing.
The gnoll hits you but does no damage.
Unknown command.
You cannot move.
You cannot move.
You aren't carrying any scrolls.
Unknown command.
You cannot move.
You cannot move.
You swing at nothing.
The gnoll hits you but does no damage. x2
You swing at nothing.
The gnoll hits you but does no damage.
You swing at nothing.
The gnoll hits you from afar with a +0 spear.
* * * LOW HITPOINT WARNING * * *
You swing at nothing.
The gnoll hits you but does no damage.
You swing at nothing.
Your transformation is almost over.
The gnoll hits you but does no damage.
The gnoll hits you from afar with a +0 spear.
* * * LOW HITPOINT WARNING * * *
You cannot move.
You swing at nothing.
The gnoll hits you but does no damage.
You swing at nothing.
The gnoll hits you but does no damage.
You swing at nothing.
The gnoll hits you from afar with a +0 spear.
* * * LOW HITPOINT WARNING * * *
The gnoll hits you but does no damage.
You swing at nothing.
The gnoll hits you from afar with a +0 spear.
You die...

##.........####.......#... ,
####''####...## ##...r.#..#
#≈≈≈..≈≈≈#..>..##...g.K.$# ,
#≈......≈#..............##
#≈.####.≈#...###........####,
+.. #..+.### #g...........
+..* #..+.# #g##....###..
#≈.####.≈### #)####..#* .
#≈......≈# #♣# ...# , , *
#≈≈≈..≈≈≈# #.# #..#
####''#### #..#* * ..#
#.#...#* #.## , ..# #.###)#
.. ..# #.# #†# ** *..# #..###
.# #.# #.#,# #.#** #....##.#
#.# #.#.# #.# *,, #.[..#..#
#.# #.#.# ##..###.* #......##


You could see 2 gnolls.

Vanquished Creatures
  2 gnolls (D:2)
  A worm (D:2)
  A dart slug (D:1)
  4 endoplasms
  A hobgoblin (D:2)
  7 jackals
  3 kobolds
  A frilled lizard (D:2)
  A goblin (D:2)
  2 rats (D:2)
23 creatures vanquished.

Notes
Turn   | Place    | Note
-------+----------+-------------------------------------------
     0 | D:1      | Flugkiller the Meteoran Reaver began the quest for the Orb.
     0 | D:1      | Reached XP level 1. HP: 17/17 MP: 5/5
    54 | D:2      | Reached XP level 2. HP: 25/25 MP: 6/6
    91 | D:1      | Found a faded altar of an unknown god.
   183 | D:1      | Reached XP level 3. HP: 25/31 MP: 8/8
   359 | D:2      | Reached XP level 4. HP: 22/40 MP: 9/9
   391 | D:2      | HP: 3/60 [gnoll/+0 spear (5)]
   395 | D:2      | Slain by a gnoll

Illustrated notes

Levels and vault maps discovered:
D:1:      eino_arrival_water_cross, layout_basic, basic_ecumenical_altar
D:2:      layout_rooms, basic_altar, kennysheep_generic_room_6

Skill      XL: |  1  2  3 |
---------------+----------+-----
Fighting       | 3 4 |  4.0
Conjurations   | 4 |  4.0
Maces & Flails | |  4.0
Dodging        | |  2.1
Spellcasting   | |  2.9

Action                     |  1- 3 |  4- 6 || total
---------------------------+-------+-------++-------
  Melee: Mace              |    60 |       ||    60
         Punch             |     1 |       ||     1
         Lajatang          |    11 |       ||    11
    Use: Scroll            |       |     1 ||     1
         Potion            |       |     1 ||     1
 Armour: Ring mail         |    62 |       ||    62
         Skin              |       |    44 ||    44
  Dodge: Dodged            |    48 |     3 ||    51

Table legend: (Time is in decaauts)
 A = Elapsed time spent in this place.
 B = Non-inter-level travel time spent in this place.
 C = Inter-level travel time spent in this place.
 D = Time resting spent in this place.
 E = Time spent auto-exploring this place.
 F = Levels seen in this place.
 G = Mean time per level.
                   A        B        C        D        E       F      G
               +--------+--------+--------+--------+--------+-----+--------+
         Total |    420 |    420 |      0 |      0 |      0 |   2 |  210.0 |
       Dungeon |    420 |    420 |      0 |      0 |      0 |   2 |  210.0 |
               +--------+--------+--------+--------+--------+-----+--------+

Top non-repeatable levels by time:
     D:2: 227 daAuts
     D:1: 192 daAuts
